 Dungeon Crawl Stone Soup version 0.30-a0-956-gcec3b41aec (webtiles) character file.

Game seed: 14022942587777296024

128 BlueFish the Grasshopper (level 5, -6/35 HPs)
             Began as an Octopode Warper on Mar 30, 2023.
             Mangled by an orc
             ... wielding a +2 whip of electrocution
              (11 damage)
             ... on level 3 of the Dungeon.
             The game lasted 00:05:02 (2494 turns).

BlueFish the Grasshopper (Octopode Warper)          Turns: 2494, Time: 00:05:03

Health: -6/35      AC:  1    Str: 13    XL:     5   Next: 12%
Magic:  8/8        EV: 13    Int: 15    God:
Gold:   230        SH:  0    Dex: 11    Spells: 8/8 levels left

rFire   . . .      SeeInvis +    f - +1 whip (holy)
rCold   . . .      Faith    .    (no shield)
rNeg    . . .      Spirit   .    e - +0 hat
rPois   .          Reflect  .    (no amulet)
rElec   .          Rampage  .    i - ring of resist corrosion
rCorr   +                        p - ring of see invisible
Will    .....                    (no ring)
Stlth   +++                      (no ring)
HPRegen 0.25/turn                (no ring)
MPRegen 0.11/turn                (no ring)
                                 (no ring)
                                 (no ring)

@: no status effects
A: almost no armour, amphibious, 8 rings, camouflage 1, gelatinous body 1,
(nimble swimmer 1), tentacles
a: no special abilities


You were on level 3 of the Dungeon.
You visited 1 branch of the dungeon, and saw 3 of its levels.

You collected 230 gold pieces.

Inventory:

Hand Weapons
 f - a +1 whip of holy wrath (weapon)
Missiles
 b - 7 boomerangs of dispersal (quivered)
 c - 36 stones
Armour
 e - a +0 hat (worn)
Jewellery
 i - a ring of resist corrosion (left tentacle)
 p - a ring of see invisible (right tentacle)
Scrolls
 a - a scroll of blinking
 d - a scroll of vulnerability {unknown}
 g - 2 scrolls of noise {unknown}
 h - a scroll of fear {unknown}
 j - 2 scrolls of magic mapping {unknown}
 k - a scroll of identify {unknown}
 n - a scroll of teleportation {unknown}
Potions
 l - a potion of ambrosia {unknown}
 m - a potion of lignification {unknown}
 o - a potion of brilliance {unknown}


   Skills:
 + Level 2.5 Fighting
 * Level 1.3 Maces & Flails
 + Level 1.7 Throwing
 + Level 2.9 Dodging
 * Level 2.1 Stealth
 + Level 2.5 Unarmed Combat
 + Level 2.4 Spellcasting
 + Level 3.4 Translocations


You had 8 spell levels left.
You didn't know any spells.
Your spell library contained the following spells:

 Spells                   Type           Power      Damage    Failure   Level
 Blink                    Tloc           24%        N/A       8%          2
 Lesser Beckoning         Tloc           24%        N/A       8%          2
 Teleport Other           Tloc           12%        N/A       16%         3
 Vhi's Electric Charge    Tloc/Air       12%        N/A       32%         3
 Manifold Assault         Tloc           12%        N/A       45%         4


Dungeon Overview and Level Annotations

Branches:
Dungeon (3/15)

Altars:

Shops:
D:3 !


Innate Abilities, Weirdness & Mutations

You cannot wear most types of armour.
You are amphibious.
You can wear up to eight rings at the same time.
Your skin changes colour to match your surroundings (Stealth+).
Your rubbery body absorbs attacks. (AC +1, EV +1)
((You are camouflaged when in or above water. (Stealth+)))
You have tentacles for arms and can constrict up to eight enemies at once.


Message History

The helpless worm fails to defend itself.
You hit the worm. Your grab misses the worm.
The worm is moderately wounded.
The worm bites you!
You hit the worm. You grab the worm.
The worm is moderately wounded.
You constrict the worm. You hit the worm.
The worm is severely wounded.
You constrict the worm. The worm misses you.
You hit the worm. You squeeze the worm.
The worm is almost dead.
You constrict the worm.
You kill the worm!
p - a ring of see invisible
p - a ring of see invisible (right tentacle)
There is an open door here.
You open the door.
There is an entrance to Fahyfalu's Distillery here.
There is an open door here.
There is an open door here.
There is an open door here.
Found a stone staircase leading down.
An orc and a giant cockroach come into view.
The orc is wielding a +2 whip of electrocution.
You hit the orc but do no damage. You grab the orc. You constrict the orc.
The orc hits you with a +2 whip of electrocution!
You hit the orc but do no damage.
The orc is moderately wounded.
You constrict the orc.
The orc hits you with a +2 whip of electrocution.
You are electrocuted!
* * * LOW HITPOINT WARNING * * *
You hit the orc.
The orc is heavily wounded.
You constrict the orc.
The orc hits you with a +2 whip of electrocution.
* * * LOW HITPOINT WARNING * * *
You are electrocuted!
You die...

#### ...# ...#
...##########
>...........#
......#####.############
...##...# #.....@o.....#
...##.#'##############.##
...##.+∩'..##### #..#
...####'##.....# #..#
#### #.#####..# #.#..
#..####.## #.#.o..
##......# #.#......
##.^.### ..> ...B.
#########...# #....#
.....


You could see an orc.

Vanquished Creatures
  Jessica (D:2)
  4 adders
  2 worms (D:3)
  5 dart slugs
  An orc (D:3)
  3 bats
  6 endoplasms
  A giant cockroach (D:3)
  5 goblins
  5 hobgoblins
  A quokka (D:1)
  4 ball pythons
  4 frilled lizards
  6 kobolds
  3 rats
51 creatures vanquished.

Notes
Turn   | Place    | Note
-------+----------+-------------------------------------------
     0 | D:1      | BlueFish the Octopode Warper began the quest for the Orb.
     0 | D:1      | Reached XP level 1. HP: 14/14 MP: 3/3
   102 | D:1      | Reached XP level 2. HP: 19/19 MP: 5/5
   465 | D:1      | Reached XP level 3. HP: 24/24 MP: 6/6
  1013 | D:2      | Noticed Jessica
  1022 | D:2      | Killed Jessica
  1023 | D:2      | Reached skill level 1 in Stealth
  1023 | D:2      | Reached XP level 4. HP: 17/30 MP: 7/7
  1867 | D:3      | Reached skill level 1 in Maces & Flails
  2202 | D:3      | Reached XP level 5. HP: 34/35 MP: 8/8
  2402 | D:3      | Found Fahyfalu's Distillery.
  2494 | D:3      | Mangled by an orc

Illustrated notes

Levels and vault maps discovered:
D:1:      dpeg_arrival_morbid_curiosity, layout_loops_ring
D:2:      layout_basic, uniq_jessica
D:3:      layout_rooms, serial_shops, nicolae_shop_behind_doors, dk_vineyard_3,
          chequers_serial_rivers_small_3, kennysheep_generic_room_9

Skill      XL: |  1  2  3  4 |
---------------+-------------+-----
Stealth        | 1 2 |  2.1
Maces & Flails | 1 |  1.3
Fighting       | |  2.5
Throwing       | |  1.7
Dodging        | |  2.9
Unarmed Combat | |  2.5
Spellcasting   | |  2.4
Translocations | |  3.4

Action                     |  1- 3 |  4- 6 || total
---------------------------+-------+-------++-------
  Melee: Unarmed           |    36 |       ||    36
         Constrict         |    13 |    17 ||    30
         Tentacles         |     9 |    16 ||    25
         Punch             |     3 |       ||     3
         Whip              |    24 |    67 ||    91
   Stab: Sleeping          |     5 |     6 ||    11
 Armour: Skin              |     4 |     5 ||     9
  Dodge: Dodged            |    26 |    40 ||    66

Table legend: (Time is in decaauts)
 A = Elapsed time spent in this place.
 B = Non-inter-level travel time spent in this place.
 C = Inter-level travel time spent in this place.
 D = Time resting spent in this place.
 E = Time spent auto-exploring this place.
 F = Levels seen in this place.
 G = Mean time per level.
                   A        B        C        D        E       F      G
               +--------+--------+--------+--------+--------+-----+--------+
         Total |   2495 |   2398 |     97 |      0 |   1445 |   3 |  831.7 |
       Dungeon |   2495 |   2398 |     97 |      0 |   1445 |   3 |  831.7 |
               +--------+--------+--------+--------+--------+-----+--------+

Top non-repeatable levels by time:
     D:1: 926 daAuts
     D:2: 917 daAuts
     D:3: 651 daAuts
